 Dungeon Crawl Stone Soup version 0.27-a0-577-ge2a43ba0c9 (webtiles) character file.

Game seed: 4353775148792584305

81 Chiseanne the Magician (level 4, -1/30 HPs)
             Began as a Demonspawn Hedge Wizard on Mar 9, 2021.
             Slain by Ijyb (3 damage)
             ... on level 3 of the Dungeon.
             The game lasted 00:03:45 (2719 turns).

Chiseanne the Magician (Demonspawn Hedge Wizard)    Turns: 2719, Time: 00:03:45

Health: -1/30      AC:  2    Str: 10    XL:     4   Next: 19%
Magic:  10/10      EV: 12    Int: 16    God:
Gold:   145        SH:  0    Dex: 13    Spells: 10/11 levels left

rFire    . . .     SeeInvis .   i - +1 whip (venom)
rCold    . . .     Faith    .   (no shield)
rNeg     . . .     Spirit   .   b - +0 robe
rPois    .         Reflect  .   c - +0 hat
rElec    .         Harm     .   o - +0 cloak
rCorr    .         Rampage  .   a - +0 pair of gloves
Will     .....                  r - +0 pair of boots
Stlth    ++........             (no amulet)
HPRegen  0.10/turn              (no ring)
MPRegen  0.12/turn              (no ring)

@: corroded
A: rugged brown scales 1, foul stench 1, powered by death 1
a: no special abilities


You were on level 3 of the Dungeon.
You visited 1 branch of the dungeon, and saw 3 of its levels.

You collected 145 gold pieces.

Inventory:

Hand Weapons
 i - a +1 whip of venom (weapon)
Missiles
 d - 100 stones
 f - 32 poisoned darts
Armour
 a - a +0 pair of gloves (worn)
 b - a +0 robe (worn)
 c - a +0 hat (worn)
 o - a +0 cloak (worn)
 r - a +0 pair of boots (worn)
Jewellery
 h - an amulet of reflection
 k - a +6 ring of dexterity
Scrolls
 e - 2 scrolls of immolation {unknown}
 g - 3 scrolls of enchant armour {unknown}
 j - a scroll of magic mapping {unknown}
 m - a scroll of identify {unknown}
 p - a scroll of fog {unknown}
 t - a scroll of amnesia {unknown}
Potions
 l - a potion of curing {unknown}
 n - a potion of resistance {unknown}
 q - a potion of magic {unknown}
 s - a potion of cancellation {unknown}


   Skills:
 - Level 1.7 Dodging
 - Level 1.7 Stealth
 * Level 4.0 Spellcasting
 * Level 2.9 Conjurations
 - Level 1.0 Summonings
 - Level 0.8 Translocations


You had 10 spell levels left.
You knew the following spells:

 Your Spells              Type           Power      Damage    Failure   Level
a - Magic Dart            Conj           48%        1d5       4%          1

Your spell library contained the following spells:

 Spells                   Type           Power      Damage    Failure   Level
 Call Imp                 Summ           6%         N/A       17%         2
 Blink                    Tloc           N/A        N/A       19%         2
 Slow                     Hex            3%         N/A       26%         2
 Conjure Flame            Conj/Fire      7%         6-21      28%         3
 Mephitic Cloud           Conj/Pois/Air  6%         N/A       34%         3


Dungeon Overview and Level Annotations

Branches:
Dungeon (3/15)

Altars:

Annotations:
D:3 Ijyb


Innate Abilities, Weirdness & Mutations

You are partially covered in rugged brown scales. (AC +1, +3% HP)
You may rarely emit foul miasma when damaged in melee.
You regenerate a little health from kills.


Message History

Press: ? - help, Shift-Dir - straight line, f - giant cockroach
Aim: a giant cockroach (0% to evade)
The magic dart hits the giant cockroach but does no damage.
Casting: Magic Dart (safe; 4% risk of failure)
Confirm with . or Enter, or press ? or * to list all spells.
Aiming: Magic Dart (safe; 4% risk of failure)
Press: ? - help, Shift-Dir - straight line, f/p - giant cockroach
Aim: a giant cockroach (0% to evade)
The magic dart hits the giant cockroach.
The giant cockroach is moderately wounded.
Casting: Magic Dart (safe; 4% risk of failure)
Confirm with . or Enter, or press ? or * to list all spells.
Aiming: Magic Dart (safe; 4% risk of failure)
Press: ? - help, Shift-Dir - straight line, f/p - giant cockroach
Aim: a giant cockroach (moderately wounded, 0% to evade)
The magic dart hits the giant cockroach but does no damage.
The giant cockroach is moderately wounded.
You hit the giant cockroach.
The giant cockroach is poisoned.
The giant cockroach is almost dead.
You kill the giant cockroach!
You see here a giant cockroach corpse.
Ijyb the Twisted Goblin comes into view.
She is wearing a +1 scale mail of poison resistance and carrying a wand of acid (10).
The helpless Ijyb fails to defend herself.
You hit Ijyb but do no damage. Ijyb closely misses you.
You hit Ijyb.
Ijyb is lightly wounded.
Ijyb misses you.
You hit Ijyb.
Ijyb is moderately wounded.
Ijyb zaps a wand.
The bolt of acid hits you!
Ouch! That really hurt!
The acid corrodes you!
You are splashed with acid!
* * * LOW HITPOINT WARNING * * *
You completely miss Ijyb.
Ijyb is moderately wounded.
Ijyb completely misses you.
You hit Ijyb but do no damage.
Ijyb is moderately wounded.
Ijyb hits you.
You die...

### ..# #.# #.# ###
#.########## ..
##.#........#
#.##....######.####
#..##g#.....#
#.....
#.....@.....#
#..###
....#...##.#.#
#..... # #.#......#
##.### #...##.###
#.# # ######+#
#.### #.<.. #####
#.... #.....


You could see Ijyb.

Vanquished Creatures
  5 adders
  4 leopard geckos
  2 giant cockroaches
  6 goblins
  3 hobgoblins
  A bat (D:1)
  2 frilled lizards (D:2)
  6 kobolds
  4 rats
33 creatures vanquished.

Notes
Turn   | Place    | Note
-------+----------+-------------------------------------------
     0 | D:1      | Chiseanne the Demonspawn Hedge Wizard began the quest for
                  | the Orb.
     0 | D:1      | Reached XP level 1. HP: 13/13 MP: 4/4
   636 | D:1      | Gained mutation: You may rarely emit foul miasma when
                  | damaged in melee. [demonic ancestry]
   636 | D:1      | Reached XP level 2. HP: 19/19 MP: 4/6
  1433 | D:2      | Found a faded altar of an unknown god.
  1473 | D:2      | Gained mutation: You regenerate a little health from kills.
                  | [demonic ancestry]
  1473 | D:2      | Reached XP level 3. HP: 24/24 MP: 5/8
  2496 | D:3      | Gained mutation: You are partially covered in rugged brown
                  | scales. (AC +1, +3% HP) [demonic ancestry]
  2496 | D:3      | Reached XP level 4. HP: 24/30 MP: 4/9
  2558 | D:3      | Reached skill level 4 in Spellcasting
  2713 | D:3      | Noticed Ijyb
  2719 | D:3      | Slain by Ijyb

Illustrated notes

Levels and vault maps discovered:
D:1:      minmay_arrival_semitransparent, layout_loops_ring,
          chequers_serial_rivers_micro_c
D:2:      layout_loops_ring, chequers_ecumenical_altar_simple
D:3:      layout_loops_corners, uniq_ijyb

Skill      XL: |  1  2  3  4 |
---------------+-------------+-----
Conjurations   | 2 |  2.9
Spellcasting   | 4 |  4.0
Dodging        | |  1.7
Stealth        | |  1.7
Summonings     | |  1.0
Translocations | |  0.8

Action                   |  1- 3 |  4- 6 || total
-------------------------+-------+-------++-------
Melee: Short sword       |     1 |       ||     1
       Whip              |    11 |     6 ||    17
 Cast: Magic Dart        |    87 |    12 ||    99
 Stab: Sleeping          |       |     1 ||     1
Armor: Robe              |    10 |     1 ||    11
Dodge: Dodged            |    21 |     3 ||    24

Table legend: (Time is in decaauts)
 A = Elapsed time spent in this place.
 B = Non-inter-level travel time spent in this place.
 C = Inter-level travel time spent in this place.
 D = Time resting spent in this place.
 E = Time spent auto-exploring this place.
 F = Levels seen in this place.
 G = Mean time per level.
                   A        B        C        D        E       F      G
               +--------+--------+--------+--------+--------+-----+--------+
         Total |   2719 |   2676 |     43 |    605 |   1846 |   3 |  906.3 |
       Dungeon |   2719 |   2676 |     43 |    605 |   1846 |   3 |  906.3 |
               +--------+--------+--------+--------+--------+-----+--------+

Top non-repeatable levels by time:
     D:2: 1221 daAuts
     D:1: 1092 daAuts
     D:3: 405 daAuts
